 Dungeon Crawl Stone Soup version 0.24.1-5-g77f818bfca (webtiles) character file.

Game seed: 14386863179612352705, levelgen mode: deterministic

1163 vs12 the Covered (level 8, -2/66 HPs)
             Began as a Minotaur Gladiator on Apr 24, 2020.
             Was a Follower of the Shining One.
             Slain by a worker ant zombie (4 damage)
             ... on level 5 of the Dungeon.
             The game lasted 00:35:00 (5930 turns).

vs12 the Covered (Minotaur Gladiator)               Turns: 5930, Time: 00:35:00

Health: -2/66      AC:  2    Str: 20    XL:     8   Next: 17%
Magic:  7/7        EV: 13    Int:  5    God:    the Shining One [*.....]
Gold:   207        SH:  0    Dex: 13    Spells: 7/7 levels left

rFire    . . .     SeeInvis .   k - +3 short sword
rCold    . . .     Gourm    .   (no shield)
rNeg     . . .     Faith    .   B - +0 ring mail
rPois    .         Spirit   .   c - +0 hat
rElec    .         Reflect  .   (no cloak)
rCorr    .         Harm     .   (no gloves)
MR       .....                  (no boots)
Stlth    +.........             (no amulet)
HPRegen  0.21/turn              (no ring)
MPRegen  0.10/turn              (no ring)

@: corroded, glowing
A: retaliatory headbutt, horns 2
a: Renounce Religion


You were on level 5 of the Dungeon.
You worshipped the Shining One.
The Shining One was aware of your devotion.
You were hungry.

You visited 2 branches of the dungeon, and saw 6 of its levels.

You collected 207 gold pieces.

Inventory:

Hand Weapons
 a - a +0 long sword
 k - a +3 short sword (weapon)
 x - a +0 hunting sling
Missiles
 d - 2 throwing nets (quivered)
 g - 18 poisoned darts
 h - 175 stones
 y - 9 boomerangs
Armour
 b - a +0 leather armour
 c - a +0 hat (worn)
 B - a +0 ring mail (worn)
 E - a +0 pair of boots
Jewellery
 z - an uncursed ring of see invisible {unknown}
 F - a +2 amulet of reflection {unknown}
Wands
 A - a wand of iceblast (7)
Scrolls
 e - 3 scrolls of enchant armour {unknown}
 i - a scroll of enchant weapon {unknown}
 m - 6 scrolls of identify {unknown}
 n - a scroll of blinking {unknown}
 o - 2 scrolls of teleportation {unknown}
 s - a scroll of fog {unknown}
 u - 2 scrolls of magic mapping {unknown}
 v - 3 scrolls of fear {unknown}
 w - 2 scrolls of remove curse {unknown}
 D - a scroll of amnesia {unknown}
 G - a scroll of noise {unknown}
Potions
 j - 2 potions of curing {unknown}
 l - 2 potions of invisibility {unknown}
 p - a potion of berserk rage {unknown}
 q - 3 potions of haste {unknown}
 r - 2 potions of heal wounds {unknown}
 t - a potion of degeneration {unknown}
 C - a potion of mutation {unknown}
 H - a potion of agility
Comestibles
 f - 7 rations


   Skills:
 + Level 4.2 Fighting
 + Level 4.9(5.9) Short Blades
 + Level 5.3(6.4) Long Blades
 + Level 3.5 Throwing
 + Level 5.7 Armour
 + Level 5.3 Dodging
 + Level 1.2 Stealth


You had 7 spell levels left.
You didn't know any spells.
Your spell library was empty.

Dungeon Overview and Level Annotations

Branches:
Dungeon (5/15)             Temple (1/1) D:4

Altars:
Ashenzari
Cheibriados
Elyvilon
Gozag
Kikubaaqudgha
Makhleb
Okawaru
Qazlal
Sif Muna
Trog
Uskayaw
Vehumet
Wu Jian
Xom
Yredelemnul
The Shining One


Innate Abilities, Weirdness & Mutations

You reflexively headbutt those who attack you in melee.
You have a pair of horns on your head.


Message History

The worker ant zombie barely misses you.
The worker ant zombie barely misses you.
Items here: ) / [ † a +0 club; a +0 scale mail; a wand of acid (6); the goblin corpse of Ijyb
Aiming: Iceblast
Press: ? - help, Shift-Dir - straight line, f - worker ant zombie
Aim: a worker ant zombie (heavily damaged, haloed)
Okay, then.
Aiming: Iceblast
Press: ? - help, Shift-Dir - straight line, f/p - worker ant zombie
Aim: a worker ant zombie (heavily damaged, haloed)
The mass of ice explodes!
The iceblast engulfs the worker ant zombie!
The worker ant zombie partially resists.
The worker ant zombie is almost destroyed.
The iceblast engulfs you.
* * * LOW HITPOINT WARNING * * *
You hear a shout!
The worker ant zombie bites you.
You die...

################ ###
...............# ..
.#############.# .# .#
#.# ##.###### .# #.#
#........
.#############.####).#
................@Z..>#
...###########.####.##
....... ...# #.#
...#### ###.# #.# ...#
#.. ..? ...# #.# #.#
...# ... ..# #..# #.#
### ..# #....#.##


You could see a worker ant zombie.

Vanquished Creatures
  Sigmund (D:2)
  Eustachio (D:5)
  2 phantoms (D:5)
  An ogre (D:4)
  A centaur (D:5)
  A scorpion (D:4)
  A crimson imp (D:5)
  A hound (D:5)
  Ijyb (D:5)
  2 orc wizards
  An iguana (D:5)
  3 worker ants
  A worker ant zombie (D:5)
  A howler monkey skeleton (D:5)
  7 adders
  2 adder skeletons (D:4)
  4 worms
  2 dart slugs
  5 leopard geckos
  17 orcs
  2 giant cockroaches
  8 goblins
  7 hobgoblins
  4 jackals (D:5)
  2 quokkas
  7 bats
  8 frilled lizards
  A jackal skeleton (D:4)
  9 kobolds
  A leopard gecko skeleton (D:5)
  13 rats
117 creatures vanquished.

Vanquished Creatures (others)
  A quokka (D:5)
1 creature vanquished.

Grand Total: 118 creatures vanquished

Notes
Turn   | Place    | Note
-------+----------+-------------------------------------------
     0 | D:1      | vs12 the Minotaur Gladiator began the quest for the Orb.
     0 | D:1      | Reached XP level 1. HP: 18/18 MP: 0/0
    51 | D:1      | Reached XP level 2. HP: 23/25 MP: 1/1
   601 | D:1      | Reached XP level 3. HP: 30/30 MP: 2/2
  1192 | D:2      | Noticed Sigmund
  1215 | D:2      | Killed Sigmund
  1215 | D:2      | Reached skill level 1 in Short Blades
  1215 | D:2      | Reached skill level 5 in Long Blades
  1215 | D:2      | Reached XP level 4. HP: 5/38 MP: 3/3
  1215 | D:2      | Reached XP level 5. HP: 6/45 MP: 4/4
  1964 | D:2      | Found a snail-covered altar of Cheibriados.
  2444 | D:3      | Reached XP level 6. HP: 41/51 MP: 5/5
  2619 | D:3      | Found an ornate altar of the Wu Jian Council.
  3372 | D:4      | Found a staircase to the Ecumenical Temple.
  3391 | Temple   | Entered the Ecumenical Temple
  3424 | Temple   | Became a worshipper of the Shining One
  3824 | D:4      | Reached skill level 5 in Dodging
  3871 | D:4      | Found a shimmering blue altar of Sif Muna.
  4253 | D:5      | Entered Level 5 of the Dungeon
  4267 | D:5      | Noticed Eustachio
  4539 | D:5      | Reached XP level 7. HP: 49/57 MP: 6/6
  4666 | D:5      | Reached skill level 1 in Stealth
  4773 | D:5      | Killed Eustachio
  5068 | D:5      | Found a white marble altar of Elyvilon.
  5099 | D:5      | Reached skill level 5 in Armour
  5135 | D:5      | Reached XP level 8. HP: 66/66 MP: 7/7
  5746 | D:5      | Found an opulent altar of Gozag.
  5910 | D:5      | Noticed Ijyb
  5910 | D:5      | Reached * piety under the Shining One
  5925 | D:5      | Killed Ijyb
  5930 | D:5      | HP: 2/66 [shot self (4)]
  5930 | D:5      | Slain by a worker ant zombie

Levels and vault maps discovered:
D:1:      lightli_molten_gateway, layout_rooms
D:2:      layout_basic, lemuel_coloured_pillars_altar, uniq_sigmund
D:3:      layout_basic, old_standard_altar, gup_sewer_entry_spiral,
          first_ration, uniq_crazy_yiuf_cottage
D:4:      layout_cave_pools, marbit_many_paths,
          minmay_temple_entry_gardened_gates, minmay_ruptured
D:5:      layout_basic, elyvilon_altar_4,
          nicolae_gozag_cash_rules_everything_around_me, uniq_eustachio,
          uniq_menkaure, uniq_ijyb
Temple:   minmay_temple_bridge_abc

Skill      XL: |  1  2  3  4  5  6  7 |
---------------+----------------------+-----
Long Blades    | 4 5 |  5.3
Dodging        | 4 5 |  5.3
Fighting       | 3 4 |  4.2
Short Blades   | 1 3 4 |  4.9
Armour         | 2 3 5 |  5.7
Throwing       | 3 |  3.5
Stealth        | 1 |  1.2

Action                   |  1- 3 |  4- 6 |  7- 9 || total
-------------------------+-------+-------+-------++-------
Melee: Long sword        |    27 |       |       ||    27
       Headbutt          |    11 |    25 |    18 ||    54
       Short sword       |    53 |   130 |    95 ||   278
Throw: Dart              |     2 |    28 |       ||    30
       Throwing net      |       |       |     1 ||     1
Evoke: Wand              |       |       |     1 ||     1
  Eat: Chunk             |     1 |    10 |     4 ||    15
Armor: Leather armour    |    15 |     7 |       ||    22
       Ring mail         |       |    11 |    14 ||    25
Dodge: Dodged            |    62 |    82 |    51 ||   195
       Rpst.: Long sword |     6 |       |       ||     6
